[Event "Titled Tuesday Blitz November 07 Early 2023"]
[White "Belanoff, Ted"]
[Black "Matveeva, Olga"]
[WhiteFideId "2070588"]
[BlackFideId "24107018"]
[WhiteElo "2302"]
[BlackElo "2401"]
[Result "1-0"]
[Round "11"]
[TimeControl "180+1"]
[Date "2023.11.07"]
[WhiteClock "0:00:12"]
[BlackClock "0:00:00"]
[Board "105"]

1. b4 e5 2. a3 d5 3. Bb2 Bd6 4. g3 Ne7 5. Bg2 O-O 6. e3 c5 7. c3 Nbc6 8. Ne2 Bg4 9. f3 Be6 10. O-O Qd7 11. d4 exd4 12. exd4 c4 13. Bc1 Rae8 14. Bf4 Nf5 15. Rf2 Bxf4 16. Nxf4 Ne3 17. Qd2 Bf5 18. Re2 Nc2 19. Ra2 Rxe2 20. Nxe2 N2xd4 21. Nxd4 Bxb1 22. Rb2 Bd3 23. Ne2 Re8 24. Nf4 d4 25. Nxd3 dxc3 26. Qxc3 cxd3 27. Rd2 Rd8 28. Bf1 h6 29. Rxd3 Qe8 30. Rxd8 Qxd8 31. Kf2 Nd4 32. Bd3 g6 33. Be4 b6 34. Qc4 Qd6 35. a4 Ne6 36. h4 Qd2+ 37. Kf1 Kg7 38. h5 Qd1+ 39. Kf2 Qd2+ 40. Qe2 Qxe2+ 41. Kxe2 gxh5 42. Kd3 Kf6 43. Kc4 Ke5 44. Kb5 f5 45. Bb7 Nc7+ 46. Kc6 Nd5 47. Kb5 Nc3+ 48. Ka6 Nxa4 49. Kxa7 f4 50. g4 h4 51. Bc6 Nc3 52. Kxb6 h3 53. g5 hxg5 54. Kc7 h2 55. b5 1-0


[Site "https://www.chess.com"]

[Event "Titled Tuesday Blitz November 07 Early 2023"]
[White "De Souza, Cristiano Gomes"]
[Black "Osinovsky, Stepan"]
[WhiteFideId "2151758"]
[BlackFideId "4157354"]
[WhiteElo "2297"]
[BlackElo "2401"]
[Result "0-1"]
[Round "11"]
[TimeControl "180+1"]
[Date "2023.11.07"]
[WhiteClock "0:00:03"]
[BlackClock "0:00:35"]
[Board "106"]

1. d4 Nf6 2. c4 g6 3. Nf3 Bg7 4. Nc3 O-O 5. e4 d6 6. Be2 Nbd7 7. O-O e5 8. Be3 Re8 9. d5 Nc5 10. Nd2 a5 11. b3 b6 12. a3 h5 13. f3 h4 14. b4 Ncd7 15. Nb3 Nh5 16. Qd2 Nf4 17. c5 Qg5 18. Bxf4 exf4 19. cxd6 h3 20. Rf2 axb4 21. axb4 Rxa1+ 22. Nxa1 cxd6 23. Nc2 Ne5 24. Nb5 Rd8 25. Ncd4 hxg2 26. Rxg2 Qh4 27. Nc6 Nxc6 28. dxc6 Bh3 29. c7 Ra8 30. Bf1 Bxg2 31. Kxg2 Qg5+ 32. Kh3 Be5 33. Bc4 Kg7 0-1


[Site "https://www.chess.com"]

[Event "Titled Tuesday Blitz November 07 Early 2023"]
[White "Martin, Lewis"]
[Black "Goldin, Roman"]
[WhiteFideId "410551"]
[BlackFideId "2803860"]
[WhiteElo "2290"]
[BlackElo "2389"]
[Result "1/2-1/2"]
[Round "11"]
[TimeControl "180+1"]
[Date "2023.11.07"]
[WhiteClock "0:01:06"]
[BlackClock "0:00:04"]
[Board "107"]

1. c4 e5 2. g3 Nf6 3. Bg2 Bc5 4. Nc3 c6 5. e3 Qe7 6. Nge2 d6 7. d4 Bb6 8. O-O Nbd7 9. b4 a5 10. b5 O-O 11. bxc6 bxc6 12. Bxc6 Rb8 13. Ba3 Ba6 14. Nb5 Bxb5 15. cxb5 Qe6 16. Rc1 Rfe8 17. dxe5 Nxe5 18. Bxe8 Rxe8 19. Nf4 Qd7 20. Qxd6 Qxb5 21. Rb1 Qa4 22. Rxb6 Nf3+ 23. Kg2 Qe4 24. Qc6 Ne1+ 25. Kg1 Nf3+ 26. Kg2 Ne1+ 27. Kg1 Nf3+ 28. Kg2 1/2-1/2


[Site "https://www.chess.com"]

[Event "Titled Tuesday Blitz November 07 Early 2023"]
[White "Dmitrenko, Viktor"]
[Black "Kula, Robert"]
[WhiteFideId "14110270"]
[BlackFideId "1101218"]
[WhiteElo "2383"]
[BlackElo "2261"]
[Result "1-0"]
[Round "11"]
[TimeControl "180+1"]
[Date "2023.11.07"]
[WhiteClock "0:00:39"]
[BlackClock "0:00:11"]
[Board "108"]

1. e4 g6 2. d4 Bg7 3. Nc3 d6 4. g3 Nd7 5. Bg2 e5 6. Nge2 Ne7 7. O-O O-O 8. Be3 c5 9. dxc5 dxc5 10. Qd2 a6 11. Rad1 Qc7 12. Nd5 Nxd5 13. Qxd5 Rb8 14. c4 b6 15. Nc3 Nf6 16. Qd6 Qxd6 17. Rxd6 Be6 18. b3 Rfd8 19. Rfd1 Rxd6 20. Rxd6 Bf8 21. Rd2 Be7 22. h3 Kf8 23. f4 exf4 24. gxf4 Rd8 25. Nd5 Bxd5 26. cxd5 Nh5 27. Kf2 Ke8 28. e5 Bh4+ 29. Kf3 Ng3 30. Bf2 Nf5 31. Bxh4 Nxh4+ 32. Kf2 Nf5 33. d6 Kd7 34. Bd5 Rf8 35. Kf3 Nd4+ 36. Ke4 f5+ 37. Kd3 Rb8 38. h4 Ne6 39. Bxe6+ Kxe6 40. Kc4 Rc8 41. a4 h6 42. Rg2 Rg8 43. a5 bxa5 44. Kxc5 Rc8+ 45. Kb6 Rb8+ 46. Kxa5 Rxb3 47. Rxg6+ Kd5 48. d7 Ke4 49. d8=Q Kxf4 50. Qd4+ Kf3 51. Qd5+ Kf4 52. Qxb3 h5 53. Qc4+ Kf3 54. Qd3+ Kf4 55. Qg3+ Ke4 56. e6 f4 57. Qg5 Kf3 58. e7 Kf2 59. e8=Q f3 60. Qee3+ Kf1 61. Qgg1# 1-0


[Site "https://www.chess.com"]

[Event "Titled Tuesday Blitz November 07 Early 2023"]
[White "Dwilewicz, Katarzyna"]
[Black "Witty_Alien"]
[WhiteFideId "1148486"]
[WhiteElo "2365"]
[BlackElo "2255"]
[Result "1-0"]
[Round "11"]
[TimeControl "180+1"]
[Date "2023.11.07"]
[WhiteClock "0:00:17"]
[BlackClock "0:00:00"]
[Board "110"]

1. e4 c5 2. Ne2 Nc6 3. g3 h5 4. Bg2 h4 5. d4 h3 6. Bf3 g6 7. Be3 Bg7 8. c3 d6 9. Nd2 Nf6 10. Qa4 b5 11. Qxb5 Bd7 12. Qa6 cxd4 13. Nxd4 Ne5 14. Be2 Nfg4 15. Bf4 Rb8 16. b3 Qc7 17. Rc1 Rb6 18. Qa3 O-O 19. f3 Nf6 20. Be3 Qb7 21. O-O Nh5 22. Nc4 Nxc4 23. Bxc4 Rc8 24. Bd5 Bc6 25. Nxc6 Rbxc6 26. Bxc6 Qxc6 27. Bd4 e5 28. Be3 Nf6 29. Qxa7 Nxe4 30. Qa4 Qxa4 31. bxa4 Nxc3 32. Kf2 d5 33. Bd2 d4 34. Bxc3 dxc3 35. Rc2 f5 36. Ke3 Rc4 37. Kd3 Rd4+ 38. Kxc3 e4 39. Kb3 Rd3+ 40. Kc4 Ra3 41. Kb4 1-0


[Site "https://www.chess.com"]

[Event "Titled Tuesday Blitz November 07 Early 2023"]
[White "Osiecki, Stanislaw"]
[Black "Schut, Han"]
[WhiteFideId "1102990"]
[BlackFideId "1005561"]
[WhiteElo "2133"]
[BlackElo "2304"]
[Result "0-1"]
[Round "11"]
[TimeControl "180+1"]
[Date "2023.11.07"]
[WhiteClock "0:00:00"]
[BlackClock "0:00:13"]
[Board "111"]

1. e4 c5 2. c3 g6 3. d4 cxd4 4. cxd4 d5 5. e5 Nc6 6. h3 Nh6 7. Nf3 Bg7 8. Bd3 Nf5 9. Be3 Qb6 10. Qd2 O-O 11. Bxf5 Bxf5 12. O-O Be4 13. Ng5 Rad8 14. Nxe4 dxe4 15. d5 Qb4 16. Nc3 Nxe5 17. a3 Qb3 18. Bc5 Rfe8 19. Bxa7 Nc4 20. Qf4 f5 21. Rfb1 b5 22. Bc5 Bxc3 23. bxc3 Qxc3 24. Bb4 Qe5 25. Qh6 e3 26. f4 Qd4 27. Rc1 e2+ 28. Kh1 Qg7 29. Qh4 Rxd5 30. Qe1 Qd4 31. Qxe2 Qxf4 32. Rf1 Qe5 33. Qf2 Ne3 34. Rfe1 f4 35. Re2 Red8 36. g3 Rd1+ 37. Rxd1 Rxd1+ 38. Kh2 fxg3+ 39. Qxg3 Nf1+ 40. Kg2 Qxg3+ 41. Kh1 Ne3+ 0-1


[Site "https://www.chess.com"]

[Event "Titled Tuesday Blitz November 07 Early 2023"]
[White "Belov, Alexei"]
[Black "Barbot, Pierre"]
[WhiteFideId "4128206"]
[BlackFideId "663727"]
[WhiteElo "2563"]
[BlackElo "2285"]
[Result "1-0"]
[Round "11"]
[TimeControl "180+1"]
[Date "2023.11.07"]
[WhiteClock "0:01:33"]
[BlackClock "0:00:00"]
[Board "112"]

1. e4 c6 2. d4 d5 3. Nd2 dxe4 4. Nxe4 Nf6 5. Nxf6+ exf6 6. c3 Bd6 7. Bd3 O-O 8. Ne2 Re8 9. Qc2 h6 10. Be3 Nd7 11. O-O-O Nf8 12. c4 Be6 13. Nc3 Qa5 14. Kb1 Rac8 15. c5 Bb8 16. a3 b6 17. Qa4 Qxa4 18. Nxa4 Bb3 19. Bc2 Bxc2+ 20. Kxc2 b5 21. Nc3 a5 22. b4 f5 23. g3 g5 24. d5 f4 25. Bd4 Be5 26. dxc6 Bxd4 27. Rxd4 axb4 28. axb4 Rxc6 29. Nxb5 Ne6 30. Rc4 Rb8 31. Nd6 Nc7 32. Rd1 Kf8 33. gxf4 gxf4 34. Rxf4 Na6 35. Rxf7+ Kg8 36. Rg1+ Kh8 37. Rfg7 Nxb4+ 38. Kd2 Rd8 39. Ke2 Rcxd6 40. cxd6 1-0


[Site "https://www.chess.com"]

[Event "Titled Tuesday Blitz November 07 Early 2023"]
[White "Shapiro, Daniel"]
[Black "Kochiev, Ivan"]
[WhiteFideId "2001780"]
[BlackFideId "2917890"]
[WhiteElo "2320"]
[BlackElo "2489"]
[Result "1-0"]
[Round "11"]
[TimeControl "180+1"]
[Date "2023.11.07"]
[WhiteClock "0:00:30"]
[BlackClock "0:01:58"]
[Board "113"]

1. d4 Nf6 2. c4 e6 3. g3 c5 4. d5 exd5 5. cxd5 d6 6. Nc3 g6 7. Bg2 Bg7 8. Nf3 O-O 9. Nd2 Na6 10. O-O Nc7 11. a4 a6 12. Nc4 Rb8 13. h3 b5 14. axb5 axb5 15. Na5 Bd7 16. Bf4 Qe7 17. Nc6 Bxc6 18. dxc6 Rfd8 19. Ra7 b4 20. Nd5 Nfxd5 21. Bxd5 Bxb2 22. Qb3 Be5 23. Bxe5 dxe5 24. Bxf7+ Qxf7 25. Qxf7+ Kxf7 26. Rxc7+ Kf6 27. Rb7 b3 28. c7 1-0


[Site "https://www.chess.com"]

[Event "Titled Tuesday Blitz November 07 Early 2023"]
[White "Pumpkin_in_moonlight"]
[Black "Herman, Daniel"]
[BlackFideId "30935008"]
[WhiteElo "2311"]
[BlackElo "2410"]
[Result "0-1"]
[Round "11"]
[TimeControl "180+1"]
[Date "2023.11.07"]
[WhiteClock "0:00:06"]
[BlackClock "0:00:18"]
[Board "114"]

1. e4 e5 2. Nf3 Nc6 3. Bc4 Bc5 4. c3 Nf6 5. d4 exd4 6. cxd4 Bb4+ 7. Nc3 Nxe4 8. O-O Bxc3 9. bxc3 d5 10. Bb5 O-O 11. Bxc6 bxc6 12. Ne5 Qf6 13. Ba3 Re8 14. Qa4 Nxc3 15. Qc2 Nb5 16. Bc5 Bf5 17. Qd2 Nd6 18. f3 Nc4 19. Nxc4 dxc4 20. Qc3 Bd3 21. Rfe1 h5 22. Re5 Rxe5 23. dxe5 Qe6 24. Re1 Qd5 25. Bf2 a5 26. h3 Rd8 27. Kh1 Bf5 28. Bg3 Qb5 29. e6 Bxe6 30. Bxc7 Rd3 31. Qc2 c3 32. Re5 Qc4 33. Rxh5 g6 34. Rxa5 Rd2 35. Ra8+ Kg7 36. Be5+ f6 37. Ra7+ Bf7 38. Qxc3 Qf1+ 39. Kh2 Qxg2# 0-1


[Site "https://www.chess.com"]

[Event "Titled Tuesday Blitz November 07 Early 2023"]
[White "Quirke, Jeffrey"]
[Black "Azali, Tannaz"]
[WhiteFideId "2013029"]
[BlackFideId "12537721"]
[WhiteElo "2252"]
[BlackElo "2398"]
[Result "0-1"]
[Round "11"]
[TimeControl "180+1"]
[Date "2023.11.07"]
[WhiteClock "0:00:00"]
[BlackClock "0:00:33"]
[Board "115"]

1. e4 c5 2. c3 d5 3. exd5 Qxd5 4. d4 e6 5. Nf3 Nf6 6. Be3 Be7 7. dxc5 O-O 8. Na3 Rd8 9. Qxd5 Nxd5 10. Bd4 Nd7 11. b4 a5 12. Nc2 f6 13. Bc4 Nf8 14. O-O e5 15. Be3 Be6 16. Bxd5 Bxd5 17. Nd2 axb4 18. Nxb4 Bc6 19. Nxc6 bxc6 20. Nc4 Ne6 21. a4 Bxc5 22. a5 Bxe3 23. Nxe3 Nc5 24. Rfb1 Ra6 25. Rb6 Rda8 26. Rxa6 Rxa6 27. Nc4 Kf7 28. Kf1 Ke6 29. Rd1 Nb7 30. Ke2 Ke7 31. Kf3 Ke6 32. g4 g6 33. h4 f5 34. gxf5+ gxf5 35. Ke2 c5 36. Rg1 Nd6 37. Nxd6 Kxd6 38. Rg7 Rxa5 39. Rxh7 Kd5 40. Rf7 Ke4 41. h5 Ra2+ 42. Kf1 Ra3 43. h6 Rxc3 0-1


[Site "https://www.chess.com"]

[Event "Titled Tuesday Blitz November 07 Early 2023"]
[White "Sarkar, Justin"]
[Black "EvgenyBurmakin"]
[WhiteFideId "2010011"]
[WhiteElo "2230"]
[BlackElo "2347"]
[Result "0-1"]
[Round "11"]
[TimeControl "180+1"]
[Date "2023.11.07"]
[WhiteClock "0:00:00"]
[BlackClock "0:00:36"]
[Board "117"]

1. d4 Nf6 2. Bg5 Ne4 3. Bh4 c5 4. f3 g5 5. fxe4 gxh4 6. e3 Qb6 7. Nc3 Qxb2 8. Nd5 Kd8 9. Nf3 e6 10. Rb1 Qxa2 11. Nc3 Qa5 12. Qd2 Nc6 13. Ng5 Ke8 14. Nb5 Qxd2+ 15. Kxd2 Rb8 16. dxc5 Bxc5 17. Be2 a6 18. Nc3 d6 19. Rhf1 Ne5 0-1


[Site "https://www.chess.com"]

[Event "Titled Tuesday Blitz November 07 Early 2023"]
[White "SlippperyWhenWet"]
[Black "Ismayilova, Khanim"]
[BlackFideId "13429019"]
[WhiteElo "2330"]
[BlackElo "2167"]
[Result "1-0"]
[Round "11"]
[TimeControl "180+1"]
[Date "2023.11.07"]
[WhiteClock "0:00:13"]
[BlackClock "0:00:09"]
[Board "118"]

1. e4 c5 2. Nf3 Nc6 3. Be2 Nf6 4. Nc3 e6 5. O-O d5 6. exd5 exd5 7. d4 Be7 8. dxc5 Bxc5 9. Bg5 Be6 10. Re1 O-O 11. Bb5 h6 12. Bxf6 Qxf6 13. Nxd5 Qxb2 14. Rb1 Qxa2 15. Bxc6 bxc6 16. Nf4 Bf5 17. Nd3 Rad8 18. Ra1 Qc4 19. Qe2 Bxd3 20. cxd3 Qxd3 21. Qxd3 Rxd3 22. Rec1 Rd5 23. g3 Rfd8 24. Ra6 R8d6 25. h4 Rf6 26. Kg2 Rdf5 27. Rc3 Rd5 28. g4 Rf4 29. g5 Rg4+ 30. Kh3 Rf4 31. Kg3 Rdf5 32. Rxc6 Bb6 33. Rc8+ Kh7 34. gxh6 gxh6 35. R8c6 Rf6 36. Rxf6 Rxf6 37. Ne5 Rg6+ 38. Nxg6 fxg6 39. Rd3 Kg7 40. Rd7+ Kf6 41. Kf3 a5 42. Rh7 h5 43. Ke4 Bc5 44. Rh8 a4 45. Ra8 a3 46. f4 Bb4 47. Ra6+ Kf7 48. f5 gxf5+ 49. Kxf5 Kg7 50. Kg5 Kh7 51. Kxh5 Bc5 52. Kg5 Bb4 53. Ra7+ Kg8 54. Kg6 Kf8 55. h5 Ke8 56. Ra8+ Ke7 57. h6 Kd6 58. h7 Kd5 59. h8=Q Kc4 60. Qc8+ Kb3 61. Rxa3+ Kxa3 62. Qa6+ Kb2 63. Kf5 Ba3 64. Ke4 Bb4 65. Kd3 Ba3 66. Qc4 Kb1 67. Qc2+ Ka1 68. Qe2 Bb2 69. Kc4 Bc3 70. Kb3 Bb2 71. Qd1+ Bc1 72. Qd4+ Bb2 73. Qxb2# 1-0


[Site "https://www.chess.com"]

[Event "Titled Tuesday Blitz November 07 Early 2023"]
[White "Zaksaite, Salomeja"]
[Black "Sakun, Volodymyr"]
[WhiteFideId "12801496"]
[BlackFideId "14114062"]
[WhiteElo "2329"]
[BlackElo "2625"]
[Result "1/2-1/2"]
[Round "11"]
[TimeControl "180+1"]
[Date "2023.11.07"]
[WhiteClock "0:00:07"]
[BlackClock "0:00:16"]
[Board "119"]

1. e4 e5 2. Nf3 Nc6 3. d4 exd4 4. Nxd4 Bc5 5. Be3 Qf6 6. c3 Nge7 7. Qd2 Nxd4 8. cxd4 Bb6 9. Nc3 O-O 10. Bc4 Qg6 11. O-O d6 12. f4 d5 13. f5 Qd6 14. e5 Qd8 15. Bd3 f6 16. e6 c6 17. Rae1 Bc7 18. Bf4 b6 19. Re3 g5 20. fxg6 hxg6 21. Bh6 Qd6 22. Bf4 Qd8 23. Bh6 Qd6 24. Bf4 Qd8 1/2-1/2


[Site "https://www.chess.com"]

[Event "Titled Tuesday Blitz November 07 Early 2023"]
[White "missponyo10"]
[Black "Estrada Nieto, Julian"]
[BlackFideId "5101018"]
[WhiteElo "2055"]
[BlackElo "2446"]
[Result "0-1"]
[Round "11"]
[TimeControl "180+1"]
[Date "2023.11.07"]
[WhiteClock "0:00:09"]
[BlackClock "0:00:29"]
[Board "120"]

1. e4 e5 2. Nf3 Nc6 3. Nc3 Nf6 4. d4 exd4 5. Nxd4 Bb4 6. Nxc6 bxc6 7. Bd3 d5 8. exd5 O-O 9. O-O cxd5 10. h3 c6 11. Qf3 Bd6 12. Bg5 Rb8 13. Rab1 h6 14. Bxf6 Qxf6 15. Qxf6 gxf6 16. Rfd1 Be5 17. Re1 Rxb2 18. Rxb2 Bxc3 19. Reb1 Bxb2 20. Rxb2 c5 21. Rb8 c4 22. Be2 Bf5 23. Rb5 Bxc2 24. Rxd5 Rc8 25. Rd2 Bb1 26. a3 c3 27. Rd1 Bf5 28. Rc1 c2 29. g4 Bg6 30. h4 Rc3 31. h5 Bh7 32. f4 Be4 33. Kf2 Rxa3 34. Ke1 a5 35. Kd2 Kf8 36. Rg1 Rh3 37. Ra1 Rh2 38. Ke3 Rh1 39. Bf1 Bg2 40. Rc1 Rxf1 41. Rxc2 Rf3+ 42. Ke2 Rxf4 43. Ke3 Rxg4 44. Ra2 Rg5 45. Kf4 Bc6 46. Rc2 Be8 47. Rh2 a4 48. Rh3 Ra5 49. Ra3 Rc5 0-1


[Site "https://www.chess.com"]

[Event "Titled Tuesday Blitz November 07 Early 2023"]
[White "Buchenau, Frank"]
[Black "Kuchava, Ana"]
[WhiteFideId "4604350"]
[BlackFideId "13605348"]
[WhiteElo "2444"]
[BlackElo "2243"]
[Result "1-0"]
[Round "11"]
[TimeControl "180+1"]
[Date "2023.11.07"]
[WhiteClock "0:00:38"]
[BlackClock "0:00:00"]
[Board "121"]

1. e4 c5 2. Nf3 d6 3. Bb5+ Bd7 4. a4 a6 5. Bxd7+ Qxd7 6. a5 Nc6 7. d4 cxd4 8. Nxd4 Nf6 9. Nc3 g6 10. f3 Bg7 11. Be3 O-O 12. Na4 Qc7 13. Nb6 Rad8 14. Qd2 Ne5 15. O-O Nc4 16. Qc3 d5 17. b3 e5 18. bxc4 exd4 19. Bxd4 Ne8 20. Bxg7 Nxg7 21. Nxd5 Qc5+ 22. Kh1 Rc8 23. Nf6+ Kh8 24. Nd7 1-0


[Site "https://www.chess.com"]

[Event "Titled Tuesday Blitz November 07 Early 2023"]
[White "Mazurkiewicz, Michal"]
[Black "Rodriguez Dominguez, Melissa"]
[WhiteFideId "1124943"]
[BlackFideId "3517560"]
[WhiteElo "2422"]
[BlackElo "2240"]
[Result "1-0"]
[Round "11"]
[TimeControl "180+1"]
[Date "2023.11.07"]
[WhiteClock "0:00:05"]
[BlackClock "0:00:00"]
[Board "122"]

1. e4 c5 2. Nf3 e6 3. d3 a6 4. g3 b5 5. Bg2 Bb7 6. O-O d5 7. Nbd2 Bd6 8. Re1 Ne7 9. e5 Bc7 10. Nf1 Nd7 11. c3 d4 12. cxd4 cxd4 13. Bf4 Ng6 14. Bg5 Qb8 15. Nxd4 Bxg2 16. Kxg2 Ndxe5 17. f4 Qb7+ 18. Kg1 Nd7 19. f5 Bb6 20. Be3 exf5 21. Nxf5 O-O 22. Qh5 Nde5 23. Bxb6 Nf3+ 24. Kf2 Nxe1 25. Bd4 Nxd3+ 26. Kg1 Nde5 27. Re1 Nf3+ 28. Kf2 Nxe1 29. Bxg7 Nd3+ 30. Kg1 Qb6+ 31. Bd4 Qxd4+ 32. Nxd4 Nde5 33. Nf5 Nd7 34. Qd1 Nde5 35. h4 Rfd8 36. Qe2 Re8 37. h5 Nc4 38. Qg4 Ne5 39. Qd1 Rad8 40. Qb3 Nf3+ 41. Qxf3 1-0


[Site "https://www.chess.com"]

[Event "Titled Tuesday Blitz November 07 Early 2023"]
[White "Harriott, Tyrell"]
[Black "Vila Dupla, Aurelio"]
[WhiteFideId "2086484"]
[BlackFideId "2203383"]
[WhiteElo "2326"]
[BlackElo "2176"]
[Result "1-0"]
[Round "11"]
[TimeControl "180+1"]
[Date "2023.11.07"]
[WhiteClock "0:00:43"]
[BlackClock "0:00:24"]
[Board "123"]

1. d4 Nf6 2. e3 g6 3. Bd3 d5 4. f4 Bg7 5. Nf3 O-O 6. O-O c5 7. c3 b6 8. Nbd2 Ba6 9. Bxa6 Nxa6 10. b3 Nb8 11. Ba3 Nbd7 12. Qc2 Rc8 13. Qd3 Qc7 14. c4 Qb7 15. Ne5 Rfd8 16. f5 dxc4 17. Qxc4 Nxe5 18. dxe5 Nd5 19. f6 Nxe3 20. Qe2 Nxf1 21. Qxf1 Rxd2 22. fxg7 Kxg7 23. Bc1 Rcd8 24. Bxd2 Rxd2 25. Re1 Qd5 26. a4 Qxb3 27. Qf4 Qb2 28. Rf1 Qd4+ 29. Qxd4 Rxd4 30. Ra1 a5 31. Kf2 f6 32. exf6+ exf6 33. Rb1 Rb4 34. Rd1 f5 35. Rd6 c4 36. Rc6 Kf7 37. Ke3 Rb2 38. Kf3 Rb3+ 39. Kf4 c3 40. g3 Rb4+ 41. Ke5 Re4+ 42. Kd5 Re2 43. Rxc3 Rxh2 44. Rc6 Rg2 45. Rc3 Ra2 46. Rb3 Kf6 47. Rxb6+ Kg5 48. Rb7 h5 49. Rb6 Rxa4 50. Ke5 Rg4 51. Ra6 a4 52. Ke6 Re4+ 53. Kf7 Rb4 54. Rxg6# 1-0


[Site "https://www.chess.com"]

[Event "Titled Tuesday Blitz November 07 Early 2023"]
[White "Osmonbekov, Talaibek"]
[Black "ChessDojo"]
[WhiteFideId "2017253"]
[WhiteElo "2293"]
[BlackElo "2147"]
[Result "1-0"]
[Round "11"]
[TimeControl "180+1"]
[Date "2023.11.07"]
[WhiteClock "0:00:15"]
[BlackClock "0:01:17"]
[Board "124"]

1. d4 d5 2. Nc3 Nf6 3. Bf4 g6 4. e3 Bg7 5. Nf3 h5 6. Ne5 O-O 7. f3 c5 8. Qd2 cxd4 9. exd4 Nc6 10. O-O-O Bf5 11. h3 a5 12. g4 Be6 13. Na4 Nb4 14. a3 Nc6 15. Nc5 Bc8 16. Bh6 Nxe5 17. dxe5 Nh7 18. Bxg7 Kxg7 19. gxh5 Qb6 20. Qd4 e6 21. Bd3 Qc6 22. hxg6 fxg6 23. Rdg1 Rf5 24. Bxf5 exf5 25. e6+ Kh6 26. h4 b6 27. Qf4+ Kg7 28. Qxf5 Qe8 29. h5 bxc5 30. Rxg6+ Kh8 31. Qe5+ Nf6 32. Qxf6+ Kh7 33. Qg7# 1-0


[Site "https://www.chess.com"]

[Event "Titled Tuesday Blitz November 07 Early 2023"]
[White "Kohler, Aran"]
[Black "Dahlgren, James Allen"]
[WhiteFideId "1002856"]
[BlackFideId "22256873"]
[WhiteElo "2283"]
[BlackElo "2118"]
[Result "0-1"]
[Round "11"]
[TimeControl "180+1"]
[Date "2023.11.07"]
[WhiteClock "0:00:05"]
[BlackClock "0:00:21"]
[Board "125"]

1. d4 e6 2. c3 c5 3. Bf4 Nf6 4. e3 d5 5. Nd2 Nc6 6. Ngf3 Be7 7. Bd3 O-O 8. h3 h6 9. O-O Nh7 10. Ne5 f5 11. Ng6 Rf7 12. Nxe7+ Qxe7 13. Nf3 c4 14. Bc2 g5 15. Bh2 a6 16. Ne5 Nxe5 17. Bxe5 b5 18. a4 Bb7 19. axb5 axb5 20. Rxa8+ Bxa8 21. Qa1 Qa7 22. Qb1 Nf6 23. f3 Bc6 24. g4 Nd7 25. gxf5 Nxe5 26. dxe5 Qxe3+ 27. Kg2 Qxe5 28. Re1 Qf4 29. Rxe6 Qd2+ 30. Kg1 Bd7 31. Rg6+ Kf8 32. Rxh6 g4 33. Rh8+ Kg7 34. Rh4 Qe3+ 35. Kf1 Qxf3+ 36. Kg1 Qg3+ 37. Kh1 Qxh4 38. Qg1 Qxh3+ 39. Qh2 Qf3+ 40. Kg1 Bxf5 41. Qe5+ Kg6 42. Qe6+ Rf6 43. Qg8+ Kh5 44. Qh8+ Kg5 45. Qg7+ Bg6 46. Bxg6 Qf2+ 47. Kh1 Qf1+ 48. Kh2 Rf2+ 49. Kg3 Qg2# 0-1


[Site "https://www.chess.com"]

[Event "Titled Tuesday Blitz November 07 Early 2023"]
[White "Mirza, Diana"]
[Black "Vifleemskaia, Svetlana"]
[WhiteFideId "2503999"]
[BlackFideId "4129490"]
[WhiteElo "1985"]
[BlackElo "2264"]
[Result "0-1"]
[Round "11"]
[TimeControl "180+1"]
[Date "2023.11.07"]
[WhiteClock "0:00:06"]
[BlackClock "0:01:10"]
[Board "126"]

1. e4 e5 2. Nf3 Nc6 3. Bc4 Nf6 4. O-O Nxe4 5. Re1 d5 6. Bb5 Bd7 7. d3 Nc5 8. Nxe5 Nxe5 9. Rxe5+ Ne6 10. Bxd7+ Qxd7 11. Nc3 c6 12. d4 Bd6 13. Re1 O-O-O 14. Ne2 Qc7 15. g3 g5 16. c4 dxc4 17. b3 c3 18. Nxc3 h5 19. Ne4 Nxd4 20. Bxg5 Be7 21. Bxe7 Qxe7 22. Nd2 Qd7 23. Re3 Ne6 24. Re2 h4 25. Qc2 hxg3 26. fxg3 Nd4 27. Qd3 Nxe2+ 28. Qxe2 Qxd2 0-1


[Site "https://www.chess.com"]

[Event "Titled Tuesday Blitz November 07 Early 2023"]
[White "Marcziter, Dmitrii"]
[Black "Sviridova, Vlada"]
[WhiteFideId "13900765"]
[BlackFideId "24109606"]
[WhiteElo "2360"]
[BlackElo "2196"]
[Result "0-1"]
[Round "11"]
[TimeControl "180+1"]
[Date "2023.11.07"]
[WhiteClock "0:00:00"]
[BlackClock "0:00:05"]
[Board "127"]

1. d4 d5 2. c4 c6 3. Nf3 Nf6 4. Nc3 dxc4 5. a4 Bf5 6. a5 e6 7. e3 Bb4 8. Qa4 Qe7 9. Bxc4 O-O 10. O-O Nbd7 11. h3 h6 12. Bd2 b5 13. axb6 axb6 14. Qxa8 Rxa8 15. Rxa8+ Kh7 16. Rfa1 c5 17. R1a7 Bxc3 18. Bxc3 Be4 19. Rc8 Bxf3 20. gxf3 Qd6 21. Rcc7 Kg6 22. Bd3+ Kh5 23. Bb5 cxd4 24. Bxd4 e5 25. Bc3 Nc5 26. Rxf7 Qd1+ 27. Kg2 e4 28. fxe4 Ncxe4 29. Bxf6 Nxf6 30. Rxg7 Qd5+ 31. Kh2 Qxb5 32. Raf7 Qe5+ 33. Kg2 Qe4+ 34. f3 Qc2+ 35. Kg3 Nd5 36. e4 Ne3 37. Kf4 Ng2+ 38. Kf5 Qc5+ 39. Kf6 Qd6+ 0-1


[Site "https://www.chess.com"]

[Event "Titled Tuesday Blitz November 07 Early 2023"]
[White "Todev, Simeon"]
[Black "Yushko, Olga"]
[WhiteFideId "2925133"]
[BlackFideId "14114500"]
[WhiteElo "2341"]
[BlackElo "2094"]
[Result "0-1"]
[Round "11"]
[TimeControl "180+1"]
[Date "2023.11.07"]
[WhiteClock "0:00:17"]
[BlackClock "0:01:48"]
[Board "128"]

1. e4 e6 2. Nf3 d5 3. d4 Nf6 4. exd5 exd5 5. Nc3 Be7 6. Bd3 O-O 7. O-O c5 8. Bg5 Nc6 9. dxc5 Bxc5 10. Nxd5 Qxd5 11. Bxf6 Qh5 12. Bc3 Bg4 13. Be2 Rad8 14. Qc1 Rfe8 15. Bd1 h6 16. Qf4 Bd6 17. Qc4 Bxf3 18. g3 Bxd1 19. Raxd1 Bxg3 0-1


[Site "https://www.chess.com"]

[Event "Titled Tuesday Blitz November 07 Early 2023"]
[White "parintele_chess"]
[Black "Awoki, Daniel Teidi"]
[BlackFideId "2100827"]
[WhiteElo "2218"]
[BlackElo "2275"]
[Result "1-0"]
[Round "11"]
[TimeControl "180+1"]
[Date "2023.11.07"]
[WhiteClock "0:00:11"]
[BlackClock "0:00:17"]
[Board "130"]

1. d4 Nf6 2. Bf4 c5 3. e3 d5 4. Nf3 Qb6 5. Nc3 a6 6. dxc5 Qxb2 7. Na4 Qb4+ 8. c3 Qa5 9. Be2 Nbd7 10. O-O Nxc5 11. Nxc5 Qxc5 12. Ne5 e6 13. Nd3 Qa5 14. Be5 Be7 15. Qc2 Bd7 16. Rab1 b5 17. Nb4 O-O 18. Bd3 h6 19. f4 Rfc8 20. Qf2 Ng4 21. Qf3 Nxe5 22. fxe5 Be8 23. e4 d4 24. Nd5 exd5 25. exd5 Rxc3 26. d6 Rac8 27. dxe7 Qa3 28. e6 Qxe7 29. Qe4 g6 30. exf7+ Bxf7 31. Qxe7 Rxd3 32. Qxf7+ Kh8 33. Rbe1 Re3 34. Rxe3 dxe3 35. Qf6+ Kh7 36. Qe7+ Kh8 37. Rf8+ Rxf8 38. Qxf8+ Kh7 39. Qe7+ Kh8 40. Qxe3 Kg7 41. Qe6 1-0


[Site "https://www.chess.com"]

[Event "Titled Tuesday Blitz November 07 Early 2023"]
[White "katharinareinecke"]
[Black "Kiseljova, Marya"]
[BlackFideId "4155009"]
[WhiteElo "1941"]
[BlackElo "2210"]
[Result "0-1"]
[Round "11"]
[TimeControl "180+1"]
[Date "2023.11.07"]
[WhiteClock "0:00:34"]
[BlackClock "0:00:18"]
[Board "131"]

1. d4 d5 2. c4 e6 3. Nf3 Nf6 4. g3 dxc4 5. Bg2 Bd7 6. O-O Bc6 7. Na3 b5 8. b3 cxb3 9. Qxb3 a6 10. Bg5 Qd5 11. Bxf6 Qxb3 12. axb3 gxf6 13. Nd2 Bxg2 14. Kxg2 Bb4 15. Nxb5 Kd7 16. Nc4 Nc6 17. Nba3 Ke7 18. e3 h5 19. Nc2 a5 20. Ra2 h4 21. Rfa1 Bc3 22. Rd1 hxg3 23. hxg3 Rh5 24. Rh1 Rxh1 25. Kxh1 Rh8+ 26. Kg2 Rb8 27. Ra3 Rb5 28. Kf3 Rf5+ 29. Ke2 Rb5 30. Kd3 Bb4 31. Nxb4 Rxb4 32. Nxa5 Nxa5 33. Rxa5 Rxb3+ 34. Ke2 Rb2+ 35. Kf3 Kd6 36. Rc5 c6 37. Rc4 Kd5 38. Rc3 e5 39. Rd3 e4+ 40. Kf4 exd3 41. Kf5 d2 42. Kxf6 d1=Q 43. Kxf7 Rxf2+ 44. Ke7 Qg4 45. e4+ Kxd4 46. Kd6 Qxe4 47. g4 Qxg4 48. Kxc6 Rf5 0-1


[Site "https://www.chess.com"]